 Dungeon Crawl Stone Soup version 0.27-a0-1101-ge311f74bc8 (webtiles) character file.

Game seed: 14038105786869152712

539 night the Digger (level 6, -3/67 HPs)
             Began as a Demigod Earth Elementalist on Apr 28, 2021.
             Killed from afar by Dowan (13 damage)
             ... with a stone arrow
             ... on level 4 of the Dungeon.
             The game lasted 00:12:40 (4624 turns).

night the Digger (Demigod Earth Elementalist)       Turns: 4624, Time: 00:12:40

Health: -3/67      AC: 23    Str:  9    XL:     6   Next: 75%
Magic:  15/15      EV:  2    Int: 31    God:
Gold:   193        SH:  0    Dex: 14    Spells: 4/13 levels left

rFire    . . .     SeeInvis .   k - +1 dagger (elec)
rCold    . . .     Faith    .   (no shield)
rNeg     + + +     Spirit   .   (armour currently unavailable)
rPois    +         Reflect  .   (helmet currently unavailable)
rElec    .         Harm     .   (cloak currently unavailable)
rCorr    .         Rampage  .   (gloves currently unavailable)
Will     .....     NoTele   +   (boots currently unavailable)
Stlth    ++........             (no amulet)
HPRegen  0.21/turn              o - +6 ring of intelligence
MPRegen  0.14/turn              (no ring)

@: tree-form
A: stationary, stasis, torment immunity, boosted hp, high mp 1, forlorn
a: no special abilities


You were on level 4 of the Dungeon.
You were a tree.
You visited 1 branch of the dungeon, and saw 4 of its levels.

You collected 193 gold pieces.

Inventory:

Hand Weapons
 a - a +0 spear
 k - a +1 dagger of electrocution (weapon)
 l - a +1 dagger of venom
Missiles
 b - 55 stones
 d - 28 arrows
 g - 39 poisoned darts
 i - 18 bolts
 j - 17 sling bullets
 q - 3 boomerangs
Armour
 c - a +1 robe (melded)
 p - +0 gold dragon scales
Jewellery
 o - a +6 ring of intelligence (left branch)
Scrolls
 h - a scroll of enchant armour
 n - 2 scrolls of identify
Potions
 m - a potion of lignification


   Skills:
 - Level 1.7 Dodging
 - Level 1.7 Stealth
 + Level 4.1 Spellcasting
 + Level 3.1 Conjurations
 - Level 0.8 Transmutations
 + Level 5.0 Earth Magic


You had 4 spell levels left.
You knew the following spells:

 Your Spells              Type           Power      Damage    Failure   Level
a - Sandblast             Erth           74%        2d16      1%          1
b - Stone Arrow           Conj/Erth      62%        3d10      3%          3
c - Lee's Rapid Deconstr  Erth           18%        3d12*     22%         5

Your spell library contained the following spells:

 Spells                   Type           Power      Damage    Failure   Level
 Magic Dart               Conj           100%       1d8       1%          1
 Passwall                 Tmut/Erth      20%        N/A       2%          2
 Searing Ray              Conj           52%        3d5       2%          2
 Foxfire                  Conj/Fire      64%        2x1d7     3%          1
 Animate Skeleton         Necr           12%        N/A       6%          1
 Pain                     Necr           24%        1d5       6%          1
 Conjure Flame            Conj/Fire      16%        6-21      10%         3
 Dazzling Flash           Conj/Hex       32%        N/A       10%         3
 Inner Flame              Hex/Fire       6%         N/A       19%         3
 Vampiric Draining        Necr           3%         2d6       19%         3
 Petrify                  Tmut/Erth      24%        N/A       19%         4
 Fulminant Prism          Conj/Hex       8%         3d7       30%         4
 Iskenderun's Mystic Bla  Conj/Tloc      16%        2d5       30%         4
 Sticky Flame             Conj/Fire      16%        2d4       30%         4
 Animate Dead             Necr           3%         N/A       52%         4
 Fireball                 Conj/Fire      8%         3d6       65%         5
 Agony                    Necr           6%         N/A       86%         5


Dungeon Overview and Level Annotations

Branches:
Dungeon (4/15)
 Temple: D:4-7

Annotations:
D:4 1 runed translucent door, Dowan; emiel's ghost, weakling DsDe


Innate Abilities, Weirdness & Mutations

You are a tree.
Your roots penetrate the ground, keeping you stationary.
You cannot be teleported.
You are immune to unholy pain and torment.
Your maximum health is greatly increased.
Your equipment is partially melded.
Your attributes grow dramatically as you level up.
You have an increased reservoir of magic. (+10% MP)
You shall have no god before yourself.


Message History

Duvessa hits you but does no damage.
You completely miss Duvessa.
Duvessa is almost dead.
Duvessa hits you with a +0 short sword.
* * * LOW HITPOINT WARNING * * *
Duvessa barely misses you.
You hit Duvessa but do no damage.
Duvessa is almost dead.
Duvessa hits you but does no damage.
You barely miss Duvessa.
Duvessa is almost dead.
Duvessa hits you but does no damage. x2
You hit Duvessa but do no damage.
Duvessa is almost dead.
Duvessa hits you but does no damage.
You hit Duvessa but do no damage.
Duvessa is almost dead.
Duvessa hits you but does no damage. x2
You barely miss Duvessa.
Duvessa is almost dead.
Duvessa hits you but does no damage.
You hit Duvessa but do no damage.
Duvessa is almost dead.
Duvessa hits you but does no damage. x2
You hit Duvessa but do no damage.
Duvessa is almost dead.
Duvessa hits you with a +0 short sword.
* * * LOW HITPOINT WARNING * * *
You hit Duvessa but do no damage.
Duvessa is almost dead.
Duvessa hits you with a +0 short sword!
* * * LOW HITPOINT WARNING * * *
Duvessa hits you but does no damage.
You hit Duvessa but do no damage. Lightning courses through Duvessa!
You kill Duvessa!
Dowan screams, "No!
No!"
Dowan seems to find hidden reserves of power!
Dowan casts a spell at you. The stone arrow hits you!
You die...

#.# #.# # #.# #.# # #.#.#
#.# ####.#.#.#####
..§............).) ##.#.
....#.#.##### §.§
..........## #§#
###.###.#..## #♣# #.#
#.##.## ###e######.#
#......
####.§§§§.....#######)#
..##§§§.§...........#†.
#.##...§§...)######.##.
#.##...e....)'.)..#....
#.##.........#.#<..##.#
###.##.........#.#....###
#....'.........#.+...##..


You could see Dowan (fast).

Vanquished Creatures
  Duvessa (D:4)
  2 ogres (D:4)
  A hound (D:4)
  A bullfrog skeleton (D:4)
  3 orc wizards (D:4)
  A hound skeleton (D:4)
  6 gnolls (D:4)
  4 adders
  A shadow imp (D:3)
  7 worms
  12 orcs
  4 bats
  6 endoplasms
  6 giant cockroaches
  4 goblins
  3 hobgoblins
  4 jackals
  10 kobolds
  3 quokkas
  10 ball pythons
  4 frilled lizards
  8 rats
101 creatures vanquished.

Notes
Turn   | Place    | Note
-------+----------+-------------------------------------------
     0 | D:1      | night the Demigod Earth Elementalist began the quest for
                  | the Orb.
     0 | D:1      | Reached XP level 1. HP: 14/14 MP: 5/5
   144 | D:1      | Reached skill level 2 in Spellcasting
   217 | D:1      | Reached skill level 3 in Earth Magic
   281 | D:1      | Reached XP level 2. HP: 20/20 MP: 4/7
   895 | D:2      | Reached XP level 3. HP: 26/26 MP: 6/9
   899 | D:2      | Learned a level 3 spell: Stone Arrow
  2113 | D:3      | Reached XP level 4. HP: 28/33 MP: 4/11
  2273 | D:3      | Reached skill level 1 in Conjurations
  3072 | D:4      | Noticed an ogre
  3116 | D:4      | Reached skill level 4 in Earth Magic
  3144 | D:4      | Reached XP level 5. HP: 31/38 MP: 0/12
  3329 | D:4      | Found a runed translucent door.
  3337 | D:4      | Noticed emiel's ghost (weakling DsDe)
  3377 | D:4      | Reached skill level 2 in Conjurations
  3519 | D:4      | Learned a level 5 spell: Lee's Rapid Deconstruction
  3904 | D:4      | Noticed an ogre
  3916 | D:4      | Killed an ogre
  3917 | D:4      | Reached XP level 6. HP: 45/45 MP: 7/14
  4293 | D:4      | Reached skill level 5 in Earth Magic
  4575 | D:4      | Noticed Dowan
  4580 | D:4      | Noticed Duvessa
  4599 | D:4      | HP: 3/45 [Duvessa/+0 short sword (10)]
  4603 | D:4      | HP: 1/45 [Duvessa/+0 short sword (11)]
  4623 | D:4      | HP: 9/67 [Duvessa/+0 short sword (7)]
  4624 | D:4      | Killed Duvessa
  4624 | D:4      | Killed from afar by Dowan

Illustrated notes

Levels and vault maps discovered:
D:1:      ncdulo_lavacross, layout_rooms, serial_glass, glass_columns_a,
          glass_columns_a
D:2:      layout_rooms, shapermc_ecumenical_altar_starsandcircs, basic_altar,
          minmay_close_crescents
D:3:      layout_loops_ring, amcnicky_mini_rare_corridor_liquid
D:4:      layout_basic, okawaru_ov_weapons_minmay,
          nicolae_dithmenos_through_a_glass_darkly,
          gammafunk_temple_overflow_statue, ebering_ghost_reflecting_pool,
          kennysheep_small_square, uniq_duvessa

Skill      XL: |  1  2  3  4  5  6 |
---------------+-------------------+-----
Spellcasting   | 2 3 4 |  4.1
Earth Magic    | 3 4 5 |  5.0
Conjurations   | 1 2 3 |  3.1
Dodging        | |  1.7
Stealth        | |  1.7
Transmutations | |  0.8

Action                   |  1- 3 |  4- 6 || total
-------------------------+-------+-------++-------
Melee: Unarmed           |     3 |       ||     3
       Spear             |    91 |       ||    91
       Dagger            |       |    98 ||    98
 Cast: Sandblast         |    40 |    14 ||    54
       Stone Arrow       |     9 |    21 ||    30
       Lee's Rapid Decon |       |     7 ||     7
  Use: Scroll            |     3 |     6 ||     9
       Potion            |       |     3 ||     3
 Stab: Sleeping          |     5 |       ||     5
       Distracted        |     1 |       ||     1
Armor: Robe              |    23 |    18 ||    41
       Skin              |       |    19 ||    19
Dodge: Dodged            |    81 |    53 ||   134

Table legend: (Time is in decaauts)
 A = Elapsed time spent in this place.
 B = Non-inter-level travel time spent in this place.
 C = Inter-level travel time spent in this place.
 D = Time resting spent in this place.
 E = Time spent auto-exploring this place.
 F = Levels seen in this place.
 G = Mean time per level.
                   A        B        C        D        E       F      G
               +--------+--------+--------+--------+--------+-----+--------+
         Total |   4632 |   4497 |    135 |    789 |   2935 |   4 | 1158.0 |
       Dungeon |   4632 |   4497 |    135 |    789 |   2935 |   4 | 1158.0 |
               +--------+--------+--------+--------+--------+-----+--------+

Top non-repeatable levels by time:
     D:4: 1410 daAuts
     D:3: 1272 daAuts
     D:2: 1075 daAuts
     D:1: 874 daAuts
